 Dungeon Crawl Stone Soup version 0.29.1-2-gbd0b4ee654 (webtiles) character file.

Game seed: 4650296909195488440

65 qeuew the Trooper (level 3, -11/29 HPs)
             Began as a Demonspawn Abyssal Knight on Nov 15, 2022.
             Was a Priest of Lugonu.
             Mangled by an iguana (13 damage)
             ... on level 3 of the Dungeon.
             The game lasted 00:02:01 (2776 turns).

qeuew the Trooper (Demonspawn Abyssal Knight)       Turns: 2776, Time: 00:02:02

Health: -11/29     AC:  3    Str: 13    XL:     3   Next: 92%
Magic:  14/14      EV: 11    Int: 11    God:    Lugonu [***...]
Gold:   78         SH:  6    Dex: 15    Spells: 2/2 levels left

rFire   . . .      SeeInvis .   a - +2 hand axe
rCold   . . .      Faith    .   j - +2 buckler
rNeg    . . .      Spirit   .   b - +0 leather armour
rPois   .          Reflect  .   (no helmet)
rElec   .          Harm     .   (no cloak)
rCorr   +          Rampage  .   (no gloves)
Will    .....                   (no boots)
Stlth   +.........              (no amulet)
HPRegen 0.09/turn               c - ring of magical power
MPRegen 0.14/turn               n - ring of resist corrosion

@: no status effects
A: foul stench 1
a: Renounce Religion, Depart the Abyss, Bend Space, Banish


You were on level 3 of the Dungeon.
You worshipped Lugonu.
Lugonu was most pleased with you.
You visited 1 branch of the dungeon, and saw 3 of its levels.
You visited the Abyss 1 time.

You collected 78 gold pieces.

Inventory:

Hand Weapons
 a - a +2 hand axe (weapon)
Missiles
 f - a throwing net
Armour
 b - a +0 leather armour (worn)
 j - a +2 buckler (worn)
Jewellery
 c - a ring of magical power (left hand)
 n - a ring of resist corrosion (right hand)
Scrolls
 e - a scroll of fog {unknown}
 o - 2 scrolls of teleportation
Potions
 d - a potion of brilliance
 g - a potion of might
 i - a potion of magic


   Skills:
 + Level 3.4 Fighting
 + Level 2.2 Axes
 + Level 2.2 Armour
 + Level 1.4 Dodging
 + Level 0.7 Shields
 + Level 3.2 Invocations


You had 2 spell levels left.
You didn't know any spells.
Your spell library contained the following spells:

 Spells                   Type           Power      Damage    Failure   Level
 Necrotise                Necr           0%         1d4       52%         1
 Summon Small Mammal      Summ           0%         N/A       52%         1
 Call Canine Familiar     Summ           0%         N/A       88%         3
 Ozocubu's Armour         Ice            0%         N/A       88%         3
 Summon Guardian Golem    Hex/Summ       0%         N/A       88%         3
 Vampiric Draining        Necr           0%         2d6       88%         3
 Agony                    Necr           0%         N/A       100%        5
 Ozocubu's Refrigeration  Ice            0%         4d7       100%        7


Dungeon Overview and Level Annotations

Branches:
Dungeon (3/15)

Altars:

Shops:
D:2 *


Innate Abilities, Weirdness & Mutations

You may rarely emit foul miasma when damaged in melee.


Message History

You kill the quokka!
Lugonu accepts your kill.
An iguana comes into view.
The iguana hisses angrily.
The iguana bites you!
An iguana is nearby!
You barely miss the iguana. The iguana barely misses you.
An iguana is nearby!
An iguana is nearby!
You hit the iguana but do no damage. The iguana bites you.
An iguana is nearby!
You are too injured to fight recklessly!
An iguana is nearby!
You are too injured to fight recklessly!
An iguana is nearby!
You are too injured to fight recklessly!
An iguana is nearby!
You are too injured to fight recklessly!
An iguana is nearby!
You are too injured to fight recklessly!
An iguana is nearby!
You are too injured to fight recklessly!
An iguana is nearby!
You are too injured to fight recklessly!
An iguana is nearby!
You hit the iguana.
The iguana is lightly wounded.
The iguana closely misses you.
You hit the iguana.
The iguana is lightly wounded.
The iguana bites you!
* * * LOW HITPOINT WARNING * * *
The iguana barely misses you.
You hit the iguana.
The iguana is moderately wounded.
The iguana bites you but does no damage.
Press: ? - help, Shift-Dir - straight line, f - iguana
Aim: an iguana (moderately wounded, chance to affect: 86%)
You fail to use your ability.
The iguana bites you!
You die...

..# ..# ### ..#
..# ..##### #.#
......# #.#
.###.## #.# ##
#.# #.# #.# #l#
#.# #@#
#.###########.#
#.............#
###############


You could see an iguana.

Vanquished Creatures
  3 adders
  A dart slug (D:2)
  2 endoplasms
  2 giant cockroaches
  A goblin (D:3)
  4 hobgoblins
  2 jackals (D:2)
  2 quokkas
  6 ball pythons
  5 bats
  4 frilled lizards
  2 kobolds (D:2)
  2 rats
36 creatures vanquished.

Vanquished Creatures (others)
  2 fungi (D:2)
  5 plants (D:2)
7 creatures vanquished.

Grand Total: 43 creatures vanquished

Notes
Turn   | Place    | Note
-------+----------+-------------------------------------------
     0 | Abyss:1  | qeuew the Demonspawn Abyssal Knight began the quest for the
                  | Orb.
     0 | Abyss:1  | Reached XP level 1. HP: 18/18 MP: 2/2
     1 | D:1      | Escaped the Abyss
   202 | D:1      | Reached skill level 1 in Dodging
   549 | D:1      | Gained mutation: You may rarely emit foul miasma when
                  | damaged in melee. [demonic ancestry]
   549 | D:1      | Reached XP level 2. HP: 18/24 MP: 4/4
  1200 | D:2      | Found Gohecreu's Assorted Antiques.
  1518 | D:2      | Reached XP level 3. HP: 19/29 MP: 5/5
  2196 | D:2      | Found a faded altar of an unknown god.
  2736 | D:3      | Reached *** piety under Lugonu
  2776 | D:3      | Mangled by an iguana

Illustrated notes

Levels and vault maps discovered:
D:1:      minmay_arrival_split_and_join, layout_basic
D:2:      layout_loops_ring, serial_shops, nicolae_shop_hallway_stairs,
          shapermc_ecumenical_altar_hornbeckon
D:3:      layout_basic, roderic_lattice_a, skrybe_limestone_x

Skill      XL: |  1  2 |
---------------+-------+-----
Dodging        | 1 |  1.4
Axes           | 2 |  2.2
Armour         | 2 |  2.2
Invocations    | 3 |  3.2
Fighting       | |  3.4
Shields        | |  0.7

Action                   || total
-------------------------++-------
Melee: Hand axe          ||   115
  Use: Scroll            ||     8
       Potion            ||     4
Armor: Leather armour    ||    24
Dodge: Dodged            ||    69
Block: Buckler           ||    33
